 Dungeon Crawl Stone Soup version 0.27-a0-836-gfc908b8576 (webtiles) character file.

Game seed: 10686800409758395559

2310 funkygono the Thaumaturge (level 9, -2/59 HPs)
             Began as a Djinni Fire Elementalist on Apr 1, 2021.
             Was a Believer of Elyvilon.
             Slain by a slime creature (18 damage)
             ... on level 7 of the Dungeon.
             The game lasted 00:15:13 (9301 turns).

funkygono the Thaumaturge (DjFE)                    Turns: 9301, Time: 00:15:13

Health: -2/59      AC:  6    Str:  7    XL:     9   Next: 41%
Gold:   350        EV: 13    Int: 20    God:    Elyvilon [**....] SH:  0 Dex: 14

rFire    + + .     SeeInvis .   m - +1 long sword
rCold    x . .     Faith    +   (no shield)
rNeg     . . .     Spirit   .   s - +0 robe {Will+}
rPois    ∞         Reflect  .   r - +1 helmet
rElec    .         Harm     .   (no cloak)
rCorr    .         Rampage  .   p - +1 pair of gloves
Will     +....                  (boots unavailable)
Stlth    ++........             b - amulet of faith
HPRegen  0.19/turn              f - +4 ring of slaying
MPRegen  0.00/turn              (no ring)

@: flying
A: fire resistance 2, cold vulnerability 1, float, innate caster, hp casting,
extra vitality 1
a: Renounce Religion, Lesser Healing, Heal Other, Divine Protection


You were on level 7 of the Dungeon.
You worshipped Elyvilon.
Elyvilon was pleased with you.
You visited 2 branches of the dungeon, and saw 8 of its levels.

You collected 350 gold pieces.

Inventory:

Hand Weapons
 i - a +2 short sword of speed
 m - a +1 long sword (weapon)
Armour
 k - a +0 leather armour
 p - a +1 pair of gloves (worn)
 r - a +1 helmet (worn)
 s - a +0 robe of willpower (worn)
Jewellery
 b - an amulet of faith (around neck)
 f - a +4 ring of slaying (left hand)
Wands
 a - a wand of digging (4)
 o - a wand of paralysis (11)
 q - a wand of polymorph (5)
 t - a wand of iceblast (6)
Scrolls
 c - a scroll of fog
 h - a scroll of teleportation
 j - a scroll of magic mapping
Potions
 d - a potion of attraction
 e - 2 potions of flight {unknown}
 g - a potion of heal wounds
 l - 2 potions of curing
 n - 2 potions of invisibility {unknown}
 u - a potion of mutation {unknown}
 v - a potion of lignification {unknown}


   Skills:
 + Level 2.9 Fighting
 + Level 3.5 Long Blades
 + Level 4.1 Dodging
 - Level 1.5 Stealth
 * Level 9.3 Spellcasting


You had 2 spell levels left.
You knew the following spells:

 Your Spells              Type           Power      Damage    Failure   Level
a - Foxfire               Conj/Fire      100%       2x1d9     1%          1
b - Conjure Flame         Conj/Fire      46%        6-21      1%          3
c - Inner Flame           Hex/Fire       46%        N/A       1%          3
d - Sticky Flame          Conj/Fire      46%        2d6       1%          4
e - Fireball              Conj/Fire      23%        3d11      4%          5
f - Magic Dart            Conj           100%       1d8       1%          1
g - Call Imp              Summ           46%        N/A       1%          2
h - Blink                 Tloc           N/A        N/A       1%          2
i - Spider Form           Tmut/Pois      23%        N/A       1%          3
Your spell library was empty.

Dungeon Overview and Level Annotations

Branches:
Dungeon (7/15)             Temple (1/1) D:5

Altars:
Ashenzari
Cheibriados
Dithmenos
Elyvilon
Fedhas
Gozag
Hepliaklqana
Kikubaaqudgha
Makhleb
Nemelex Xobeh
Okawaru
Qazlal
Ru
Sif Muna
Trog
Vehumet
Wu Jian
Xom
Yredelemnul
Zin
The Shining One

Shops:
D:2 !   D:6 !

Annotations:
D:4 3 runed translucent doors, Alarak's ghost, amateur DrFE


Innate Abilities, Weirdness & Mutations

You are immune to poison.
Your flesh is very heat resistant. (rF++)
You are vulnerable to cold. (rC-)
You float through the air rather than walking.
You learn spells naturally, not from books.
Your magical power is your life essence.
You have superior vitality. (+4 HP)


Message History

Casting: Foxfire (safe; 1% risk of failure)
Confirm with . or Enter, or press ? or * to list all spells.
You conjure some foxfire!
The foxfire hits the slime creature!
The slime creature is moderately wounded.
The foxfire hits the slime creature.
The slime creature is heavily wounded.
Casting: Foxfire (safe; 1% risk of failure)
Confirm with . or Enter, or press ? or * to list all spells.
You conjure some foxfire!
The slime creature closely misses you.
The foxfire hits the slime creature!
The slime creature is heavily wounded.
The foxfire hits the slime creature.
The slime creature is heavily wounded.
The orc closely misses you.
Casting: Foxfire (safe; 1% risk of failure)
Confirm with . or Enter, or press ? or * to list all spells.
You conjure some foxfire!
The hornet zombie closely misses you. The orc closely misses you.
You riposte.
You hit the orc.
The orc is heavily wounded.
The hornet zombie misses you.
The foxfire hits the orc.
You kill the orc!
The foxfire hits the hornet zombie.
You destroy the hornet zombie!
Casting: Foxfire (safe; 1% risk of failure)
Confirm with . or Enter, or press ? or * to list all spells.
You conjure some foxfire!
The foxfire hits the slime creature but does no damage.
The slime creature is heavily wounded.
The foxfire hits the slime creature.
The slime creature is heavily wounded.
The slime creature hits you.
* * * LOW HITPOINT WARNING * * *
Casting: Foxfire (safe; 1% risk of failure)
Confirm with . or Enter, or press ? or * to list all spells.
You conjure some foxfire!
* * * LOW HITPOINT WARNING * * *
The slime creature hits you!!
You die...

#.#######....#
#.##......#......
#.##.####....####
#.##.# ##.#.# #
#.##.#####.#.###
.
#[##.#...#......
#........§......
#†[##..J.v...# ##
#..##.#v@#.##...
.. #..##.#).# #
## #..#.....#.
#..........#
#<.........#
#............
#.........###
...........#
#.#.###.##..#


You could see a slime creature (ally target).

Vanquished Creatures
  Duvessa (D:5)
  2 water moccasins
  A sky beast (D:7)
  A necrophage (D:7)
  An orc warrior (D:6)
  A hornet zombie (D:7)
  A centaur (D:5)
  A phantom (D:4)
  A kobold brigand (D:7)
  A gnoll sergeant (D:6)
  Dowan (D:5)
  9 killer bees
  2 howler monkeys
  A bullfrog zombie (D:7)
  4 hounds
  A gnoll shaman (D:6)
  3 centaur skeletons
  3 iguanas (D:7)
  Natasha (thrice) (D:4)
  4 orc wizards
  A killer bee zombie (D:7)
  7 gnolls (D:6)
  A howler monkey skeleton (D:4)
  10 adders
  A shadow imp (D:6)
  A white imp (D:6)
  An ufetubus (D:6)
  4 worms
  2 dart slugs
  5 orcs
  8 endoplasms
  2 giant cockroaches
  4 goblins
  4 hobgoblins
  11 jackals
  13 kobolds
  6 quokkas
  A ball python (D:4)
  2 bats
  2 frilled lizards
  5 rats
133 creatures vanquished.

Vanquished Creatures (collateral kills)
  7 foxfires (D:5)
7 creatures vanquished.

Vanquished Creatures (others)
  496 foxfires
  4 fungi (D:5)
500 creatures vanquished.

Grand Total: 640 creatures vanquished

Notes
Turn   | Place    | Note
-------+----------+-------------------------------------------
     0 | D:1      | funkygono the Djinni Fire Elementalist began the quest for
                  | the Orb.
     0 | D:1      | Reached XP level 1. HP: 15/15 MP: 0/0
   326 | D:1      | Reached skill level 3 in Spellcasting
   327 | D:1      | Reached XP level 2. HP: 15/21 MP: 0/0
  1020 | D:2      | Found a blossoming altar of Fedhas.
  1262 | D:2      | Reached XP level 3. HP: 22/25 MP: 0/0
  1262 | D:2      | Learned a level 1 spell: Magic Dart
  1333 | D:2      | Found Peturruc's Distillery.
  1604 | D:2      | Reached skill level 4 in Spellcasting
  1645 | D:2      | Reached XP level 4. HP: 25/31 MP: 0/0
  2635 | D:3      | Reached XP level 5. HP: 33/35 MP: 0/0
  2635 | D:3      | Learned a level 2 spell: Call Imp
  2720 | D:3      | Reached skill level 5 in Spellcasting
  3528 | D:4      | Noticed a phantom
  3533 | D:4      | Killed a phantom
  3534 | D:4      | Reached skill level 1 in Long Blades
  3534 | D:4      | Reached XP level 6. HP: 34/40 MP: 0/0
  3861 | D:4      | Noticed Natasha
  3867 | D:4      | Killed Natasha
  3987 | D:4      | Noticed Natasha
  4153 | D:4      | Reached skill level 6 in Spellcasting
  4196 | D:4      | Found a runed translucent gate.
  4197 | D:4      | Found a runed translucent gate.
  4198 | D:4      | Found a runed translucent gate.
  4199 | D:4      | Noticed Alarak's ghost (amateur DrFE)
  4334 | D:4      | Killed Natasha
  4633 | D:4      | Noticed Natasha
  4637 | D:4      | Killed Natasha
  4638 | D:4      | Reached skill level 1 in Fighting
  4740 | D:5      | Entered Level 5 of the Dungeon
  4848 | D:5      | Noticed a water moccasin
  4854 | D:5      | Killed a water moccasin
  4855 | D:5      | Reached XP level 7. HP: 41/47 MP: 0/0
  4855 | D:5      | Learned a level 2 spell: Blink
  4907 | D:5      | Noticed Dowan
  4917 | D:5      | HP: 1/47 [centaur/arrow (3)]
  5356 | D:5      | Noticed Duvessa
  5366 | D:5      | Killed Duvessa
  5367 | D:5      | Reached skill level 7 in Spellcasting
  5370 | D:5      | Killed Dowan
  5502 | D:5      | Found a staircase to the Ecumenical Temple.
  5520 | D:5      | Reached XP level 8. HP: 45/52 MP: 0/0
  5523 | Temple   | Entered the Ecumenical Temple
  5846 | Temple   | Became a worshipper of Elyvilon the Healer
  6628 | D:6      | Reached * piety under Elyvilon
  7100 | D:6      | Found a sparkling altar of Nemelex Xobeh.
  7279 | D:6      | Reached ** piety under Elyvilon
  7395 | D:6      | Found a bloodstained altar of Trog.
  7412 | D:6      | Reached skill level 8 in Spellcasting
  7784 | D:6      | Found Jiguaw's Distillery.
  7909 | D:7      | Noticed a wraith
  7937 | D:6      | HP: 1/54 [killer bee (4)]
  8230 | D:6      | HP: 2/54 [water moccasin (7)]
  8235 | D:6      | HP: 1/54 [killer bee (2)]
  8244 | D:6      | Reached XP level 9. HP: 13/59 MP: 0/0
  8244 | D:6      | Learned a level 3 spell: Spider Form
  8808 | D:7      | Reached skill level 9 in Spellcasting
  9301 | D:7      | Slain by a slime creature

Illustrated notes

Levels and vault maps discovered:
D:1:      erik_arrival_orb_chamber, layout_rooms
D:2:      wander_river, layout_basic, serial_shops, shop, nrook_mini_backslash,
          fedhas_ov_isle_minmay
D:3:      layout_loops_ring
D:4:      layout_basic, gammafunk_ghost_necromancy, uniq_natasha
D:5:      layout_basic, minmay_temple_entry_trees, water_boxes_lemuel,
          uniq_duvessa
D:6:      layout_gridville, nicolae_vehumet_radiance,
          nzn_overflow_gifts_of_might_and_magic, serial_shops, shop_fountains,
          basic_altar, lemuel_old_faithful
D:7:      layout_loops_ring, hangedman_minor_gate_pass
Temple:   dpeg_five_rooms_temple

Skill      XL: |  1  2  3  4  5  6  7  8  9 |
---------------+----------------------------+-----
Spellcasting   | 3 4 5 6 7 8 9 |  9.3
Long Blades    | 1 3 |  3.5
Fighting       | 1 2 |  2.9
Dodging        | 3 4 |  4.1
Stealth        | |  1.5

Action                   |  1- 3 |  4- 6 |  7- 9 || total
-------------------------+-------+-------+-------++-------
Melee: Whip              |       |     2 |       ||     2
       Dagger            |       |     2 |       ||     2
       Long sword        |       |    17 |    41 ||    58
 Cast: Foxfire           |    41 |    97 |   175 ||   313
       Magic Dart        |     9 |     9 |       ||    18
       Call Imp          |       |     1 |       ||     1
       Sticky Flame      |       |     1 |     5 ||     6
       Conjure Flame     |       |       |     1 ||     1
  Use: Scroll            |     2 |     6 |     3 ||    11
       Potion            |       |       |     6 ||     6
Armor: Robe              |       |    11 |    23 ||    34
Dodge: Dodged            |     5 |    24 |   102 ||   131
       Rpst.: Long sword |       |     4 |    35 ||    39

Table legend: (Time is in decaauts)
 A = Elapsed time spent in this place.
 B = Non-inter-level travel time spent in this place.
 C = Inter-level travel time spent in this place.
 D = Time resting spent in this place.
 E = Time spent auto-exploring this place.
 F = Levels seen in this place.
 G = Mean time per level.
                   A        B        C        D        E       F      G
               +--------+--------+--------+--------+--------+-----+--------+
         Total |   9317 |   9063 |    254 |   1281 |   6427 |   8 | 1164.6 |
       Dungeon |   8959 |   8774 |    185 |   1281 |   6185 |   7 | 1279.9 |
        Temple |    358 |    289 |     69 |      0 |    242 |   1 |  358.0 |
               +--------+--------+--------+--------+--------+-----+--------+

Top non-repeatable levels by time:
     D:6: 1899 daAuts
     D:5: 1401 daAuts
     D:4: 1324 daAuts
     D:3: 1280 daAuts
     D:2: 1250 daAuts
     D:7: 913 daAuts
     D:1: 888 daAuts
  Temple: 358 daAuts
